 Dungeon Crawl Stone Soup version 0.25.1-2-g60ff931df9 (webtiles) character file.

Game seed: 13136787080685771339

451 pokeman the Magician (level 6, -6/34 HPs)
             Began as a Deep Elf Wizard on Oct 8, 2020.
             Was a Follower of Vehumet.
             Shot with an arrow by a centaur (13 damage)
             ... on level 5 of the Dungeon.
             The game lasted 00:09:14 (5202 turns).

pokeman the Magician (Deep Elf Wizard)              Turns: 5202, Time: 00:09:15

Health: -6/34      AC:  4    Str:  4    XL:     6   Next: 75%
Magic:  9/18       EV: 12    Int: 25    God:    Vehumet [*.....]
Gold:   214        SH:  0    Dex: 13    Spells: 7/19 levels left

rFire    . . .     SeeInvis .   k - +1 whip (drain)
rCold    . . .     Gourm    .   (no shield)
rNeg     . . .     Faith    .   s - +0 leather armour (curse)
rPois    .         Spirit   .   b - +0 hat
rElec    .         Reflect  .   a - +0 cloak
rCorr    .         Harm     .   (no gloves)
MR       +....                  (no boots)
Stlth    ++........             (no amulet)
HPRegen  0.11/turn              A - ring of protection from magic
MPRegen  0.16/turn              (no ring)

@: very slightly contaminated
A: no striking features
a: Renounce Religion


You were on level 5 of the Dungeon.
You worshipped Vehumet.
Vehumet was aware of your devotion.
You were hungry.

You visited 1 branch of the dungeon, and saw 5 of its levels.

You collected 214 gold pieces.

Inventory:

Hand Weapons
 k - a +1 whip of draining (weapon)
Missiles
 m - 24 bolts
Armour
 a - a +0 cloak (worn)
 b - a +0 hat (worn)
 n - a +0 kite shield
 s - a cursed +0 leather armour (worn)
 C - a +0 helmet
Jewellery
 u - an uncursed ring of ice
 A - a ring of protection from magic (left hand)
Wands
 j - a wand of acid (7)
Scrolls
 c - a scroll of noise {unknown}
 e - a scroll of fear {unknown}
 f - a scroll of blinking {unknown}
 h - 2 scrolls of teleportation {unknown}
 i - 2 scrolls of random uselessness {unknown}
 l - 2 scrolls of amnesia {unknown}
 o - 6 scrolls of identify {unknown}
 p - a scroll of magic mapping {unknown}
 r - a scroll of remove curse {unknown}
 y - a scroll of immolation {unknown}
Potions
 g - 2 potions of brilliance {unknown}
 q - a potion of mutation {unknown}
 t - 3 potions of curing {unknown}
 v - 2 potions of heal wounds {unknown}
 x - a potion of cancellation {unknown}
 z - 2 potions of lignification {unknown}
 B - a potion of haste {unknown}
 D - a potion of berserk rage {unknown}
Comestibles
 d - 6 rations
 w - 5 chunks of flesh


   Skills:
 + Level 1.1 Fighting
 - Level 1.0 Armour
 - Level 3.0 Dodging
 - Level 2.4 Stealth
 - Level 1.0 Shields
 * Level 7.0 Spellcasting
 * Level 4.2 Conjurations
 - Level 1.1 Summonings
 - Level 1.1 Translocations
 + Level 1.0 Fire Magic
 - Level 1.0 Air Magic
 - Level 1.0 Poison Magic
 - Level 1.0 Evocations


You had 7 spell levels left.
You knew the following spells:

 Your Spells              Type           Power        Failure   Level  Hunger
a - Magic Dart            Conj           ####         1%          1    None
b - Mephitic Cloud        Conj/Pois/Air  ###.....     14%         3    None
c - Call Imp              Summ           ##......     11%         2    None
d - Blink                 Tloc           N/A          11%         2    None
e - Conjure Flame         Conj/Fire      ###.....     12%         3    None
f - Shock                 Conj/Air       ###.         4%          1    None

Your spell library contained the following spells:

 Spells                   Type           Power        Failure   Level  Hunger
 Slow                     Hex            #.......     17%         2    None


Dungeon Overview and Level Annotations

Branches:
Dungeon (5/15)
 Temple: D:4-7

Altars:
Ashenzari
Dithmenos
Okawaru
Trog
Vehumet
Xom
Yredelemnul
Zin

Shops:
D:4 %

Annotations:
D:5 2 runed translucent doors, Atlas's ghost, amateur DsMo


Message History

Confirm with . or Enter, or press ? or * to list all spells.
The spell is quite dangerous to cast (14% risk of failure)!
Continue anyway?
Okay, then.
Casting: Mephitic Cloud (quite dangerous; 14% risk of failure)
Confirm with . or Enter, or press ? or * to list all spells.
The spell is quite dangerous to cast (14% risk of failure)!
Continue anyway?
Aiming: Mephitic Cloud (quite dangerous; 14% risk of failure)
Press: ? - help, Shift-Dir - straight line, f - hound
Aim: a hound The ball explodes into a vile cloud!
The stinking cloud engulfs the hound but does no damage.
You hear an angry hiss.
The hound is engulfed in noxious fumes.
The hound appears confused.
The hound is engulfed in noxious fumes.
The hound appears confused.
The hound misses you.
Unknown command.
Unknown command.
The hound is engulfed in noxious fumes.
The hound appears confused.
The centaur shoots an arrow.
The arrow hits you!
You die...

####### Yh....#
#####.# #.# #.#
################
#.#
#.......@.......
#.#
#c##############
#.# #.#
#####.###.#
(.cY.h..h.#
########..#
..... #..# ....#
##.# ###.# # #.#


You could see a centaur.

Vanquished Creatures
  A hound (D:4)
  An orc priest (D:4)
  Crazy Yiuf (D:2)
  An orc wizard (D:4)
  Jessica (D:2)
  2 worker ants
  A statue (D:4)
  A hound skeleton (D:4)
  4 gnolls (D:4)
  8 adders
  An ooze (D:1)
  2 worms
  2 dart slugs (D:1)
  5 leopard geckos
  4 orcs
  A ball python (D:3)
  6 giant cockroaches
  11 goblins
  10 hobgoblins
  4 jackals (D:1)
  5 kobolds
  2 quokkas
  9 bats
  7 frilled lizards
  2 gnoll zombies (D:2)
  A quokka skeleton (D:4)
  13 rats
106 creatures vanquished.

Notes
Turn   | Place    | Note
-------+----------+-------------------------------------------
     0 | D:1      | pokeman the Deep Elf Wizard began the quest for the Orb.
     0 | D:1      | Reached XP level 1. HP: 10/10 MP: 7/7
   342 | D:1      | Reached XP level 2. HP: 16/16 MP: 6/9
   637 | D:1      | Reached skill level 5 in Spellcasting
   679 | D:1      | Reached XP level 3. HP: 20/20 MP: 0/11
   684 | D:1      | Learned a level 3 spell: Mephitic Cloud
   687 | D:1      | Learned a level 2 spell: Call Imp
   690 | D:1      | Learned a level 2 spell: Blink
   694 | D:1      | Learned a level 3 spell: Conjure Flame
  1451 | D:1      | Reached skill level 1 in Armour
  1458 | D:1      | Reached skill level 1 in Fighting
  2024 | D:2      | Found a basalt altar of Yredelemnul.
  2082 | D:2      | Found a runed translucent door.
  2083 | D:2      | Noticed Crazy Yiuf
  2107 | D:2      | Killed Crazy Yiuf
  2107 | D:2      | Reached XP level 4. HP: 9/25 MP: 5/13
  2452 | D:2      | Found a bloodstained altar of Trog.
  2453 | D:2      | Noticed Jessica
  2457 | D:2      | Killed Jessica
  2457 | D:2      | Reached skill level 1 in Poison Magic
  2805 | D:2      | Found a shattered altar of Ashenzari.
  2809 | D:2      | Reached skill level 6 in Spellcasting
  2809 | D:2      | Reached XP level 5. HP: 29/29 MP: 10/15
  2845 | D:2      | Found a shadowy altar of Dithmenos.
  3236 | D:3      | Found an iron altar of Okawaru.
  4030 | D:4      | Found a radiant altar of Vehumet.
  4032 | D:4      | Noticed a frost-covered statue
  4153 | D:4      | Killed a frost-covered statue
  4159 | D:4      | Became a worshipper of Vehumet
  4202 | D:4      | Reached skill level 1 in Air Magic
  4247 | D:4      | Found Coanwadgh's Food Boutique.
  4269 | D:4      | Noticed an ogre
  4274 | D:4      | Found a shimmering altar of Xom.
  4414 | D:4      | Reached XP level 6. HP: 32/34 MP: 9/17
  4548 | D:4      | Reached skill level 1 in Shields
  4594 | D:4      | Reached skill level 1 in Fire Magic
  4690 | D:4      | Reached skill level 7 in Spellcasting
  4833 | D:4      | Found a glowing silver altar of Zin.
  5036 | D:5      | Entered Level 5 of the Dungeon
  5037 | D:5      | Reached skill level 1 in Evocations
  5078 | D:5      | Reached * piety under Vehumet
  5078 | D:5      | Offered knowledge of Shock by Vehumet.
  5081 | D:5      | Learned a level 1 spell: Shock
  5120 | D:5      | Found a runed translucent door.
  5120 | D:5      | Noticed Atlas's ghost (amateur DsMo)
  5131 | D:5      | Noticed an ice beast
  5144 | D:5      | Found a runed translucent door.
  5202 | D:5      | Shot with an arrow by a centaur

Illustrated notes

Levels and vault maps discovered:
D:1:      dpeg_cavernosity, layout_basic, minmay_heptomino_w4
D:2:      layout_basic, lemuel_zombie_altar_yredelemnul, bloody_trog,
          chequers_temple_overflow_statue_of_worship, uniq_jessica,
          uniq_crazy_yiuf_cottage
D:3:      layout_basic, lemuel_coloured_pillars_altar
D:4:      layout_rooms, zin_statuary, xom_teletrap_fun, vehumet_statue,
          serial_shops, shop
D:5:      layout_basic, nicolae_ossuary_entry_false_entrances,
          ebering_ghost_sewer_f, first_ration, minmay_misc_feat_enclosed

Skill      XL: |  1  2  3  4  5  6 |
---------------+-------------------+-----
Spellcasting   | 5 6 7 |  7.0
Armour         | 1 |  1.0
Conjurations   | 2 3 4 |  4.2
Fighting       | 1 |  1.1
Poison Magic   | 1 |  1.0
Dodging        | 3 |  3.0
Air Magic      | 1 |  1.0
Shields        | 1 |  1.0
Fire Magic     | 1 |  1.0
Evocations     | 1 |  1.0
Stealth        | |  2.4
Summonings     | |  1.1
Translocations | |  1.1

Action                   |  1- 3 |  4- 6 || total
-------------------------+-------+-------++-------
Melee: Whip              |     3 |     6 ||     9
 Cast: Magic Dart        |   112 |   171 ||   283
       Mephitic Cloud    |     1 |     1 ||     2
       Blink             |       |     3 ||     3
       Conjure Flame     |       |     1 ||     1
  Eat: Chunk             |     3 |     9 ||    12
Armor: Leather armour    |     2 |     9 ||    11
Dodge: Dodged            |    10 |    28 ||    38
